 Dungeon Crawl Stone Soup version 0.28-a0-43-g560ac104fe (webtiles) character file.

Game seed: 461988887185463586

795 dolemite99 the Cleaver (level 7, 0/57 HPs)
             Began as a Hill Orc Fighter on July 29, 2021.
             Was a Priest of Beogh.
             Shot with an arrow by a centaur (7 damage)
             ... on level 6 of the Dungeon.
             The game lasted 00:06:55 (4007 turns).

dolemite99 the Cleaver (Hill Orc Fighter)           Turns: 4007, Time: 00:06:56

Health: 0/57       AC:  6    Str: 21    XL:     7   Next: 89%
Magic:  8/12       EV:  7    Int:  8    God:    Beogh [***...]
Gold:   187        SH:  9    Dex: 10    Spells: 6/6 levels left

rFire   . . .      SeeInvis .   a - +1 war axe
rCold   . . .      Faith    .   c - +0 kite shield
rNeg    . . .      Spirit   .   b - +0 scale mail
rPois   .          Reflect  .   (no helmet)
rElec   .          Harm     .   (no cloak)
rCorr   .          Rampage  .   (no gloves)
Will    .....                   (no boots)
Stlth   ..........              (no amulet)
HPRegen 0.19/turn               (no ring)
MPRegen 0.13/turn               (no ring)

@: no status effects
A: no striking features
a: Renounce Religion, Smiting


You were on level 6 of the Dungeon.
You worshipped Beogh.
Beogh was most pleased with you.
You visited 1 branch of the dungeon, and saw 5 of its levels.

You collected 187 gold pieces.

Inventory:

Hand Weapons
 a - a +1 war axe (weapon)
Missiles
 g - 24 arrows
 h - 68 stones (quivered)
Armour
 b - a +0 scale mail (worn)
 c - a +0 kite shield (worn)
Scrolls
 m - a scroll of identify {unknown}
Potions
 d - a potion of ambrosia {unknown}
 f - a potion of berserk rage {unknown}
 i - a potion of curing {unknown}
 j - a potion of cancellation {unknown}
 k - a potion of might
 l - a potion of invisibility {unknown}
 n - a potion of attraction {unknown}


   Skills:
 - Level 3.6 Fighting
 + Level 9.0 Axes
 - Level 3.2 Armour
 - Level 3.2 Shields
 + Level 7.0 Invocations


You had 6 spell levels left.
You didn't know any spells.
Your spell library was empty.

Dungeon Overview and Level Annotations

Branches:
Dungeon (4/15)
 Temple: D:4-7

Altars:
Elyvilon
Nemelex Xobeh
Xom
Beogh

Annotations:
D:2 Sigmund


Message History

The ball of steam hits you!!
You hear a shout! x2
You slash the steam dragon!
The steam dragon is moderately wounded.
The steam dragon bites you. You block the steam dragon's attack.
The steam dragon bites you. The steam dragon closely misses you.
You hit the steam dragon.
The steam dragon is heavily wounded.
The steam dragon bites you. You block the steam dragon's attack.
You hit the steam dragon.
The steam dragon is heavily wounded.
A gnoll comes into view. It is wielding a +0 club.
The steam dragon bites you. You block the steam dragon's attack.
You hit the steam dragon but do no damage.
The steam dragon is heavily wounded.
You block the steam dragon's attack. x2
The steam dragon breathes steam at you. The ball of steam hits you!
* * * LOW HITPOINT WARNING * * *
A gnoll comes into view. It is wielding a +0 club.
The steam dragon bites you but does no damage.
You block the steam dragon's attack.
You slash the steam dragon!
You kill the steam dragon!
Beogh accepts your kill.
A centaur comes into view.
Your Axes skill increases to level 9!
Your Invocations skill increases to level 7!
You are engulfed in a cloud of scalding steam.
* * * LOW HITPOINT WARNING * * *
Okay, then.
Aiming: Smiting
Press: ? - help, Dir - move target, f - gnoll Smite: a gnoll, wielding a +0 club You smite the gnoll!
You kill the gnoll!
Beogh accepts your kill.
The centaur wields a +0 shortbow.
The centaur shoots an arrow.
The arrow hits you!
You die...

#.# #.# ### #####
##.## ..#
....#####...###.#
.............##.#
#.#.##........#.###
................ยง.#
..#.##..........###
..#....#........@.#
..####.##...##..###
..# #.#######.)# .##
#.# #..# .. #.g#
#c.# #..# #..# ....


You could see a centaur and a gnoll.

Vanquished Creatures
  A steam dragon (D:6)
  A sky beast (D:3)
  A phantom (D:4)
  A water moccasin skeleton (D:6)
  A howler monkey (D:4)
  A bullfrog zombie (D:6)
  2 hounds (D:4)
  3 orc wizards (D:3)
  Natasha (thrice) (D:3)
  Robin (D:2)
  A gnoll (D:6)
  3 adders
  2 adder skeletons (D:4)
  2 worms (D:2)
  2 dart slugs
  5 orcs (D:3)
  11 endoplasms
  4 giant cockroaches
  13 goblins
  16 hobgoblins
  10 jackals
  3 quokkas
  11 ball pythons
  4 bats
  2 frilled lizards
  9 kobolds
  5 rats
118 creatures vanquished.

Vanquished Creatures (others)
  A plant (D:1)
1 creature vanquished.

Grand Total: 119 creatures vanquished

Notes
Turn   | Place    | Note
-------+----------+-------------------------------------------
     0 | D:1      | dolemite99 the Hill Orc Fighter began the quest for the
                  | Orb.
     0 | D:1      | Reached XP level 1. HP: 19/19 MP: 1/1
    42 | D:1      | Reached skill level 3 in Axes
   258 | D:1      | Reached XP level 2. HP: 26/26 MP: 2/2
   327 | D:1      | Reached skill level 4 in Axes
   650 | D:1      | Reached XP level 3. HP: 31/31 MP: 3/3
   772 | D:1      | Reached skill level 5 in Axes
  1082 | D:2      | Found a faded altar of an unknown god.
  1094 | D:2      | Became a worshipper of Beogh the Brigand
  1094 | D:2      | Reached * piety under Beogh
  1357 | D:2      | Reached XP level 4. HP: 39/39 MP: 4/4
  1382 | D:2      | Noticed Robin
  1413 | D:2      | Killed Robin
  1414 | D:2      | Reached skill level 6 in Axes
  1743 | D:2      | Reached ** piety under Beogh
  1750 | D:2      | Found a shimmering altar of Xom.
  1922 | D:2      | Noticed Sigmund
  2162 | D:3      | Reached XP level 5. HP: 11/45 MP: 5/5
  2178 | D:3      | Reached skill level 7 in Axes
  2537 | D:3      | Noticed Natasha
  2549 | D:3      | Reached skill level 1 in Invocations
  2573 | D:3      | Killed Natasha
  2574 | D:3      | Reached XP level 6. HP: 34/51 MP: 5/7
  2595 | D:3      | Noticed Natasha
  2605 | D:3      | Killed Natasha
  2682 | D:3      | Noticed Natasha
  2689 | D:3      | Killed Natasha
  3029 | D:3      | Found a sparkling altar of Nemelex Xobeh.
  3029 | D:3      | Found a white marble altar of Elyvilon.
  3155 | D:3      | Noticed a sky beast
  3165 | D:3      | Reached *** piety under Beogh
  3173 | D:3      | Killed a sky beast
  3174 | D:3      | Reached skill level 5 in Invocations
  3592 | D:4      | Noticed a necrophage
  3600 | D:4      | Reached XP level 7. HP: 53/57 MP: 9/11
  3838 | D:4      | Reached skill level 8 in Axes
  3908 | D:4      | You fall into a shaft and drop 2 floors!
  3995 | D:6      | Noticed a steam dragon
  4004 | D:6      | Killed a steam dragon
  4005 | D:6      | Reached skill level 9 in Axes
  4007 | D:6      | Shot with an arrow by a centaur

Illustrated notes

Levels and vault maps discovered:
D:1:      psy_arrival_wood_between_worlds, layout_basic, minmay_misc_feat_x
D:2:      minmay_skewed_foursquare, layout_basic, ebering_ecumenical_altar_mist,
          basic_altar, uniq_sigmund, uniq_robin
D:3:      kennysheep_six_static_rooms, layout_rooms,
          gammafunk_temple_overflow_elements, hex_tiny, uniq_natasha
D:4:      layout_cave_pools, old_standard_altar,
          gammafunk_temple_overflow_statue, minmay_ruined_shrine
D:6:      layout_loops_ring, tgw_kikubaaqudgha

Skill      XL: |  1  2  3  4  5  6  7 |
---------------+----------------------+-----
Axes           | 3 4 5 6 7 9 |  9.0
Invocations    | 2 5 7 |  7.0
Fighting       | |  3.6
Armour         | |  3.2
Shields        | |  3.2

Action                   |  1- 3 |  4- 6 |  7- 9 || total
-------------------------+-------+-------+-------++-------
Melee: War axe           |    95 |   176 |    43 ||   314
Throw: Stone             |    20 |    13 |     1 ||    34
Invok: Smiting           |       |     1 |     1 ||     2
  Use: Potion            |       |     5 |       ||     5
       Scroll            |       |     4 |     1 ||     5
Armor: Scale mail        |    44 |    61 |    19 ||   124
       Skin              |       |    56 |       ||    56
Dodge: Dodged            |    22 |    49 |    12 ||    83
Block: Kite shield       |    46 |    95 |    28 ||   169

Table legend: (Time is in decaauts)
 A = Elapsed time spent in this place.
 B = Non-inter-level travel time spent in this place.
 C = Inter-level travel time spent in this place.
 D = Time resting spent in this place.
 E = Time spent auto-exploring this place.
 F = Levels seen in this place.
 G = Mean time per level.
                   A        B        C        D        E       F      G
               +--------+--------+--------+--------+--------+-----+--------+
         Total |   4153 |   4039 |    114 |   1292 |   1654 |   5 |  830.6 |
       Dungeon |   4153 |   4039 |    114 |   1292 |   1654 |   5 |  830.6 |
               +--------+--------+--------+--------+--------+-----+--------+

Top non-repeatable levels by time:
     D:3: 1523 daAuts
     D:2: 1178 daAuts
     D:1: 986 daAuts
     D:4: 358 daAuts
     D:6: 105 daAuts
